AoeStats
← Pao Ge The Great

Black Forest

505795080Analyzed
2v2 RM · 20d ago on Sep 11, 2026· 45m 40s· 4 players
Game mode
Random Map
Map size
Medium (4 player)
Population
200
Speed
Normal
Resources
Standard
Victory
Conquest
Starting age
Dark Age
Ending age
Imperial Age
RankedLock teamsTeams togetherTeam positionsShared explorationLock speedFull tech treeHidden civsTurbo modeCheats
Victory
Defeat
🇩🇪 Armenians · Germany
1041
+15
🇲🇽 Shu · Mexico
986
+17
🇺🇸 Mongols · United States
1018
-16
🇺🇸 Sicilians · United States
1016
-16
Pinselchen
0:46 Loom
13:57 Feudal Age
14:04 Man-at-Arms
14:43 Arson
16:31 Long Swordsman
20:19 Scale Mail Armor
22:35 Pikeman
26:12 Double-Bit Axe
36:31 Castle Age
37:22 Forging
36:36 Two-Handed Swordsman
37:03 Gambesons
37:19 Squires
38:20 Chain Mail Armor
39:15 Horse Collar
41:05 Wheelbarrow
41:44 Heavy Plow
43:48 Champion
Diego Fields
1:11 Loom
12:39 Feudal Age
15:17 Town Watch
16:10 Wheelbarrow
15:59 Gold Mining
18:35 Double-Bit Axe
20:04 Fishing Lines
21:12 Fletching
21:23 Padded Archer Armor
22:02 Horse Collar
26:00 Castle Age
26:21 Crossbowman
27:07 Thumb Ring
27:13 Bodkin Arrow
27:34 Leather Archer Armor
33:06 Hand Cart
32:38 Town Watch
33:33 Gold Shaft Mining
40:00 Imperial Age
39:41 Town Patrol
40:07 Ballistics
39:59 Masonry
40:41 Bow Saw
42:27 Bolt Magazine
Vongoli Momoli
0:37 Loom
13:09 Feudal Age
13:46 Double-Bit Axe
13:48 Horse Collar
16:23 Wheelbarrow
17:15 Scale Mail Armor
18:44 Forging
21:36 Fletching
21:36 Town Watch
25:50 Gold Mining
29:48 Castle Age
30:52 Chain Mail Armor
31:14 Iron Casting
30:34 Bodkin Arrow
30:31 Gambesons
30:47 Squires
31:16 Elite Skirmisher
32:17 Padded Archer Armor
38:41 First Crusade
42:13 Murder Holes
43:38 Ballistics
43:32 Masonry
Pao Ge The Great
0:28 Loom
12:48 Feudal Age
17:14 Castle Age
Connection lost

Rejoining the realm…

Still unreachable

The connection could not be restored.

Session expired

The server has moved on; the page needs a fresh start.